Map: Port Aleksander LE

Players

poizon

  • Race: Protoss Protoss
  • League: Diamond
  • Spawn Location: 11:00

Apoptosis - Winner!

  • Race: Zerg Zerg
  • League: Diamond
  • Spawn Location: 5:00

VOD

Have the link to the VOD?

Description

Time

  • Played on: March 6, 2019, 7:31 a.m.
  • Length: 15:40
Show
View Real Time Build Order
Export as new Build Order

poizon Protoss 

Build Orders: 1 Gate Expand, Zealot Archon, Archon Drop, Dark Templar Rush 

Get SALT Encoding   

  12  0:00  Probe  
  13  0:13  Probe  
  14  0:23  Pylon  
  14  0:25  Probe  
  15  0:37  Probe  
  16  0:45  Probe, Gateway  
  17  0:55  Probe  
  17  0:57  Assimilator  
  18  1:07  Probe  
  19  1:26  Nexus  
  19  1:38  Cybernetics Core  
  19  1:42  Probe  
  20  1:52  Assimilator  
  20  1:54  Pylon  
  20  1:57  Probe  
  21  2:05  Adept  
  21  2:09  Probe  
  24  2:17  Warp Gate  
  24  2:21  Probe  
  25  2:33  Stalker, Probe  
  26  2:38  Twilight Council  
  28  2:45  Probe  
  28  2:47  Probe  
  30  2:56  Pylon  
  30  2:57  Probe  
  31  2:59  Probe  
  32  3:09  Probe  
  32  3:11  Probe  
  34  3:22  Probe  
  34  3:23  Probe  
  34  3:26  Dark Shrine  
  36  3:31  Probe  
  36  3:32  Probe, Robotics Facility  
  37  3:39  Probe  
  37  3:40  Probe  
  38  3:46  Pylon  
  38  3:48  Probe  
  40  3:50  Probe  
  42  3:57  Shield Battery  
  42  4:00  Probe  
  42  4:01  Gateway  
  43  4:06  Gateway  
  43  4:08  Probe  
  44  4:12  Warp Prism  
  44  4:14  Assimilator, Probe  
  45  4:22  Gateway  
  47  4:28  Pylon  
  47  4:30  Probe  
  48  4:40  Stalker  
  50  4:57  Pylon  
  50  5:00  Dark Templar  
  52  5:09  Dark Templar x2  
  56  5:17  Charge, Dark Templar  
  58  5:23  Probe  
  58  5:24  Probe  
  60  5:32  Dark Templar  
  62  5:39  Archon  
  62  5:41  Archon  
  62  5:46  Probe  
  63  5:56  Probe  
  64  5:58  Probe  
  65  6:08  Probe  
  66  6:12  Nexus  
  66  6:13  Zealot x4  
  66  6:15  Pylon  
  66  6:17  Pylon  
  71  6:49  Immortal  
  71  6:50  Zealot x4  
  77  6:59  Probe  
  76  7:02  Assimilator  
  76  7:04  Robotics Bay  
  76  7:13  Gateway  
  76  7:14  Gateway x2  
  76  7:15  Gateway  
  76  7:16  Blink  
  76  7:17  Gateway, Pylon  
  76  7:18  Zealot x4, Pylon  
  76  7:19  Pylon  
  76  7:20  Probe x2, Gateway  
  76  7:21  Forge  
  86  7:25  Probe  
  87  7:32  Probe x2  
  87  7:37  Probe  
  84  7:38  Dark Templar  
  84  7:39  Dark Templar x2  
  78  7:45  Assimilator  
  78  7:46  Assimilator  
  78  7:48  Archon  
  78  7:50  Zealot  
  66  8:16  Probe, Zealot x3  
  66  8:17  Zealot x7, Colossus  
  87  8:29  Probe  
  94  8:38  Sentry x3  
  94  8:40  Zealot x3  
  106  8:42  Probe  
  106  8:44  Probe  
  106  8:46  Extended Thermal Lance  
  108  8:51  Dark Templar  
  110  9:02  Zealot x3  
  116  9:07  Dark Templar  
  118  9:20  Robotics Facility  
  118  9:21  Photon Cannon  
  118  9:25  Shield Battery  
  118  9:26  Gateway  
  118  9:34  Probe x2  
  118  9:37  Colossus  
  124  9:41  Zealot x3  
  88  10:18  Colossus  
  84  10:21  Zealot  
  84  10:22  Zealot x10  
  84  10:25  Probe  
  105  10:36  Nexus  
  105  10:40  Pylon  
  105  10:41  Pylon  
  105  10:43  Protoss Ground Weapons Level 1, Sentry x4  
  105  10:44  Sentry  
  115  10:52  Templar Archives  
  115  10:58  Stargate  
  115  11:01  Stalker  
  115  11:02  Stalker x2  
  121  11:07  Observer  
  122  11:12  Dark Templar  
  124  11:23  Zealot x6  
  136  11:42  Zealot x4  
  136  11:43  Photon Cannon  
  144  11:47  Dark Templar  
  144  11:51  Colossus  
  148  12:28  Colossus  
  148  12:33  High Templar  
  148  12:34  High Templar x7  
  164  12:37  Protoss Ground Weapons Level 2  
  164  12:39  Archon, Pylon  
  164  12:40  Archon x2  
  164  12:41  Archon  
  164  12:43  Pylon  
  164  12:45  Pylon  
  164  12:51  Fleet Beacon  
  142  13:12  Zealot x4  
  148  13:13  Zealot x4  
  148  13:23  Observer  
  148  13:24  Disruptor  
  140  13:37  Zealot x3  
  140  13:38  Zealot x8  
  160  13:44  Disruptor  
  157  13:54  Probe  
  157  13:55  Probe  
  149  13:56  Assimilator  
  149  13:57  Assimilator  
  149  13:59  Disruptor  
  132  14:04  Stargate  
  132  14:10  Probe x2  
  132  14:12  Probe  
  132  14:13  Probe  
  136  14:20  Disruptor  
  136  14:22  Probe  
  140  14:30  Photon Cannon  
  138  14:32  Photon Cannon  
  138  14:34  Photon Cannon, Shield Battery  
  138  14:35  Disruptor  
  138  14:36  Shield Battery  
  138  14:37  Shield Battery  
  102  14:54  Zealot x7  
  102  14:55  Zealot x2  
Show
View Real Time Build Order
Export as new Build Order

Apoptosis Zerg - Winner!

Build Orders: Hatch First, Lurkers 

Get SALT Encoding   

  12  0:01  Drone  
  13  0:13  Overlord  
  13  0:18  Drone  
  14  0:31  Drone x2  
  16  0:51  Hatchery  
  16  0:54  Drone  
  16  0:57  Drone  
  16  1:02  Drone  
  18  1:13  Extractor  
  17  1:19  Spawning Pool  
  17  1:22  Drone  
  17  1:25  Drone  
  18  1:30  Drone  
  19  1:39  Overlord  
  19  1:51  Drone  
  20  2:06  Queen x2  
  20  2:07  Zergling x4  
  26  2:14  Metabolic Boost  
  26  2:17  Drone  
  28  2:22  Drone  
  28  2:23  Drone  
  28  2:27  Drone  
  30  2:46  Hatchery  
  30  2:50  Drone  
  30  2:52  Overlord  
  30  2:57  Drone x2  
  32  3:00  Drone  
  33  3:17  Queen  
  34  3:21  Overlord x2  
  34  3:37  Drone  
  34  3:38  Overlord x2  
  34  3:40  Drone x5  
  40  3:45  Drone  
  41  3:53  Zergling x8  
  45  3:59  Lair  
  46  4:02  Drone  
  46  4:03  Drone x2  
  46  4:08  Queen  
  50  4:17  Drone x4  
  50  4:18  Drone  
  53  4:46  Extractor  
  53  4:47  Roach Warren  
  53  4:48  Extractor  
  50  4:53  Drone x5  
  50  4:54  Drone x2  
  50  4:55  Zergling x8  
  61  5:17  Drone x2  
  61  5:18  Zergling x12  
  61  5:19  Evolution Chamber  
  68  5:24  Drone x4, Overlord  
  72  5:38  Glial Reconstitution  
  72  5:40  Overlord x3  
  72  5:46  Zerg Missile Weapons Level 1  
  72  5:53  Roach x4  
  72  5:54  Overlord  
  72  5:55  Overlord x3  
  80  6:03  Overseer  
  77  6:11  Overseer  
  62  6:20  Roach  
  62  6:21  Roach x9  
  69  6:30  Roach x4  
  65  6:40  Drone x2  
  67  6:50  Queen  
  67  6:51  Drone x5  
  74  6:59  Drone x3  
  77  7:08  Drone x5  
  79  7:09  Drone  
  83  7:17  Drone x4  
  83  7:18  Drone  
  83  7:21  Overlord  
  88  7:29  Drone x2  
  78  7:50  Drone x5  
  78  7:51  Drone x4  
  77  7:56  Zerg Missile Weapons Level 2  
  77  7:57  Hydralisk Den  
  68  8:15  Drone x2  
  68  8:16  Drone x3, Extractor  
  68  8:17  Drone x3, Extractor  
  68  8:18  Drone  
  68  8:19  Roach x5  
  85  8:33  Hatchery, Roach x3  
  90  8:35  Muscular Augments  
  90  8:52  Hydralisk x7  
  104  9:07  Infestation Pit  
  103  9:16  Roach  
  117  9:17  Roach x9  
  117  9:21  Extractor  
  117  9:34  Drone x3  
  117  9:35  Drone x5  
  117  9:38  Hatchery  
  123  9:40  Overseer  
  123  9:43  Spore Crawler  
  122  9:46  Grooved Spines  
  122  9:47  Spine Crawler  
  122  9:48  Spine Crawler  
  120  9:53  Roach x9  
  94  10:08  Drone x6  
  94  10:09  Drone x3  
  102  10:20  Drone x3  
  107  10:38  Drone x3  
  107  10:42  Hive  
  108  10:44  Hydralisk x4  
  108  10:47  Hydralisk x2  
  120  10:56  Lurker Den  
  119  10:58  Drone x2  
  119  10:59  Drone  
  119  11:00  Drone  
  119  11:03  Hydralisk x2  
  127  11:17  Queen  
  129  11:24  Hydralisk x6  
  141  11:30  Drone x4  
  141  11:31  Drone  
  146  11:33  Drone  
  146  11:34  Drone  
  146  11:35  Drone  
  147  11:49  Overseer  
  147  12:13  Hydralisk  
  147  12:14  Hydralisk x7  
  157  12:16  Overlord x4  
  155  12:27  Lurker x3  
  158  12:31  Overlord x4  
  158  12:43  Lurker x4  
  158  12:44  Lurker x4  
  166  12:47  Adaptive Talons  
  147  13:21  Roach x18  
  147  13:22  Roach  
  181  13:39  Burrow  
  181  13:40  Hydralisk  
  181  13:41  Hydralisk x4  
  169  13:57  Roach  
  169  13:58  Roach x7  
  183  14:25  Spawning Pool  
  183  14:28  Hatchery  
  183  14:29  Overseer  
  181  14:35  Overlord x3  
Tags
 
Add a new tag
Caveats
  • Supply blocks, unpowered buildings, or Contaminate may cause inaccurate times.
  • Supply counts are checked every 10 seconds.